 Dungeon Crawl Stone Soup version 0.31-a0-986-g5e6e4ef867 (webtiles) character file.

Game seed: 5289782123003317861

1711 sammy202020 the Ruffian (level 8, -3/79 HPs)
             Began as a Troll Shapeshifter on Nov 6, 2023.
             Was an Initiate of Gozag.
             Killed from afar by an electric eel (6 damage)
             ... with a bolt of electricity
             ... on level 5 of the Dungeon.
             The game lasted 00:06:11 (3624 turns).

sammy202020 the Ruffian (Troll Shapeshifter)        Turns: 3624, Time: 00:06:12

Health: -3/79      AC:  7    Str: 31    XL:     8   Next: 74%
Magic:  7/7        EV: 10    Int:  6    God:    Gozag
Gold:   823        SH:  5    Dex:  9    Spells: 7/7 levels left

rFire   . .          .
                       - Unarmed
rCold   . . .        (no shield)
rNeg    . . .        a - +1 animal skin
rPois   .            (helmet currently unavailable)
rElec   .            (cloak currently unavailable)
rCorr   .            (gloves unavailable)
SInv    .            (boots unavailable)
Will    +....        l - amulet of reflection
Stlth   +            o - +6 ring of strength
HPRegen 1.13/turn    (no ring)
MPRegen 0.10/turn

%: reflection
@: beast-form, gold aura
A: beast (slay +3), large, unfitting armour, claws 3, regeneration 1, shaggy fur
1, tough skin 1, iridescent scales 1, strong-willed 1, no potion heal 1,
MP-powered wands
a: Begin Untransformation, Renounce Religion, Potion Petition, Call Merchant,
Bribe Branch


You were on level 5 of the Dungeon.
You worshipped Gozag.
Gozag was pleased with you.
You were a hulking beast.
You visited 1 branch of the dungeon, and saw 5 of its levels.
You also visited: Sewer.

You collected 878 gold pieces.
You paid 55 gold pieces to Gozag.

Inventory:

Armour
 a - a +1 animal skin (worn)
 b - a +0 cloak
 j - a +0 cloak
Jewellery
 l - an amulet of reflection (around neck)
 o - a +6 ring of strength (left claw)
Talismans
 c - a beast talisman
 d - a flux talisman
Wands
 h - a wand of iceblast (12)
 m - a wand of flame (14)
Scrolls
 e - 4 scrolls of teleportation
 q - a scroll of fog
Potions
 f - a potion of brilliance
 g - a potion of ambrosia
 i - 4 potions of enlightenment
 k - a potion of attraction
 n - 2 potions of heal wounds


   Skills:
 * Level 4.6 Fighting
 + Level 3.0 Armour
 + Level 3.4 Dodging
 * Level 6.4 Unarmed Combat
 * Level 5.9 Shapeshifting


You had 7 spell levels left.
You didn't know any spells.
Your spell library contained the following spells:

 Spells                   Type           Power      Damage    Failure   Level
 Apportation              Tloc           0%         N/A       45%         1
 Blink                    Tloc           0%         N/A       58%         2
 Ensorcelled Hibernation  Hex/Ice        0%         N/A       58%         2
 Jinxbite                 Hex            0%         N/A       58%         2
 Passwall                 Tmut/Erth      0%         N/A       58%         2
 Swiftness                Air            0%         N/A       83%         3
 Manifold Assault         Tloc           0%         N/A       99%         4
 Alistair's Intoxication  Tmut/Pois      0%         N/A       100%        5


Dungeon Overview and Level Annotations

Branches:
Dungeon (5/15)              Sewer (visited)
 Temple: D:4-7

Altars:
Gozag
Kikubaaqudgha
Uskayaw
Xom
Yredelemnul
The Shining One

Annotations:
D:5 1 transporter


Innate Abilities, Weirdness & Mutations

You are a hulking beast.
Your limbs bulge with bestial killing power. (Slay +3)
You are too large for most types of armour.
You have claws for hands.
Your natural rate of healing is unusually fast.
You are covered in fur. (AC +1)
You have tough skin. (AC +1)
You are partially covered in iridescent scales. (AC +2)
You are strong-willed. (Will+)
Potions are less effective at restoring your health.
You expend magic power (3 MP) to strengthen your wands.


Message History

You enter the transporter and appear at another place.
m - a wand of flame (14)
You open the door.
The electric eel shoots out a bolt of lightning at you!
The bolt of electricity misses you.
There is an open door here.
The electric eel shoots out a bolt of lightning at you!
The bolt of electricity hits you!
You see here a stone.
The electric eel shoots out a bolt of lightning at you!
The bolt of electricity hits you!
The bolt of electricity hits the electric eel.
The electric eel completely resists.
The bolt of electricity hits the electric eel.
The electric eel completely resists.
The bolt of electricity hits you.
The electric eel shoots out a bolt of lightning at you!
The bolt of electricity hits you! x2
You mangle the electric eel!!
You kill the electric eel!
You hear a splash.
You claw the electric eel!
The electric eel is almost dead.
The electric eel shoots out a bolt of lightning at you!
The bolt of electricity hits you. The bolt of electricity hits you!
* * * LOW HITPOINT WARNING * * *
You closely miss the electric eel.
The electric eel is almost dead.
The electric eel shoots out a bolt of lightning at you!
The bolt of electricity hits you!
* * * LOW HITPOINT WARNING * * *
The bolt of electricity misses you.
Unknown command.
The electric eel shoots out a bolt of lightning at you!
The bolt of electricity misses you. The bolt of electricity hits you!
* * * LOW HITPOINT WARNING * * *
The bolt of electricity hits the plant!
The plant begins to die.
The electric eel shoots out a bolt of lightning at you!
The bolt of electricity hits you.
You die...
Your body crumbles into a pile of gold.

#.#.#.#.#)##.###+###.# #....#+###
...........#.#~P~~~#.# #....#...#
#.#.#.#.#.##.#~~~~~#.# #.#####.##
......).)..#.#~P~~~#.# #.# #....#
#)#.#.#.#)##.#~~⌠P~#.# #.# #.##..
..)..........#~P~P~#.###.###.##..
#[#.#.#.#.#..#S...~#..##.....###.
....<.)....#.#$.(.S#..######## ##
#.#.#.#.#.##.###h###.....# #
.............#P...P#..##.# #
#.#.#.#.#.##.#8.©.8#..##.## #
.............#######..#...# #
#.#.#.#.#.##....©....##...### #
.###.......####...#.#.......# #
..##.......#.....##.#.#..##.#####
#.##.#...###.....##.#.#..##......
#........# #........#.#..........


You could see 2 electric eels.

Vanquished Creatures
  Sigmund (D:3)
  The ghost of tinescath the Magician, an amateur DEHW of Sif Muna (D:3)
  A water moccasin (D:5)
  2 black bears (D:5)
  An ice beast (D:3)
  An ogre (D:5)
  A phantom (D:5)
  A gnoll sergeant (D:3)
  2 scorpions
  A howler monkey (D:4)
  An electric eel (D:5)
  A hound (D:5)
  A jelly (D:5)
  A gnoll bouda (D:5)
  Ijyb (D:3)
  Jessica (D:3)
  An iguana (D:5)
  A sleepcap (D:5)
  Natasha (twice) (D:3)
  A sickly merfolk siren (Sewer)
  2 orc wizards (D:5)
  A malarious merfolk avatar (Sewer)
  9 gnolls
  13 adders
  2 river rats
  A worm (D:5)
  2 dart slugs
  8 orcs
  3 endoplasms
  4 giant cockroaches
  10 goblins
  4 hobgoblins
  5 kobolds
  9 quokkas
  13 ball pythons
  3 bats
  3 frilled lizards
  22 rats
137 creatures vanquished.

Notes
Turn   | Place    | Note
-------+----------+-------------------------------------------
     0 | D:1      | sammy202020 the Troll Shapeshifter began the quest for the
                  | Orb.
     0 | D:1      | Reached XP level 1. HP: 18/18 MP: 0/0
   131 | D:1      | Reached skill level 1 in Fighting
   184 | D:1      | Reached XP level 2. HP: 27/27 MP: 1/1
   971 | D:2      | Reached XP level 3. HP: 26/33 MP: 2/2
  1173 | D:2      | Found a faded altar of an unknown god.
  1414 | D:3      | Noticed Sigmund
  1422 | D:3      | Killed Sigmund
  1423 | D:3      | Reached skill level 1 in Armour
  1423 | D:3      | Reached skill level 4 in Unarmed Combat
  1423 | D:3      | Reached XP level 4. HP: 40/44 MP: 3/3
  1423 | D:3      | Reached XP level 5. HP: 45/50 MP: 4/4
  1433 | D:3      | Noticed Jessica
  1439 | D:3      | Killed Jessica
  1533 | D:3      | Noticed Ijyb
  1539 | D:3      | Killed Ijyb
  1540 | D:3      | Reached XP level 6. HP: 56/59 MP: 5/5
  1636 | D:3      | Found a runed translucent gate.
  1636 | D:3      | Found a runed translucent gate.
  1636 | D:3      | Found a runed translucent gate.
  1637 | D:3      | Found an opulent altar of Gozag.
  1638 | D:3      | Noticed an ice beast
  1646 | D:3      | Noticed Natasha
  1652 | D:3      | Killed Natasha
  1684 | D:3      | Noticed tinescath's ghost (amateur DEHW)
  1775 | D:3      | Noticed Natasha
  1797 | D:3      | Killed Natasha
  1830 | D:3      | Killed an ice beast
  1831 | D:3      | Reached XP level 7. HP: 19/67 MP: 6/6
  1835 | D:3      | Killed tinescath's ghost
  1875 | D:3      | Became a worshipper of Gozag Ym Sagoz the Greedy
  1955 | D:4      | Reached skill level 5 in Unarmed Combat
  2111 | D:4      | Found a basalt altar of Yredelemnul.
  2374 | D:4      | Found a shimmering altar of Xom.
  2396 | D:4      | Gained mutation: You are partially covered in iridescent
                  | scales. (AC +2) [potion of mutation]
  2396 | D:4      | Gained mutation: You are strong-willed. (Will+) [potion of
                  | mutation]
  2396 | D:4      | Gained mutation: Potions are less effective at restoring
                  | your health. [potion of mutation]
  2396 | D:4      | Gained mutation: You expend magic power (3 MP) to
                  | strengthen your wands. [potion of mutation]
  2485 | D:5      | Entered Level 5 of the Dungeon
  2546 | D:5      | Reached skill level 5 in Shapeshifting
  2615 | D:5      | Reached XP level 8. HP: 75/78 MP: 7/7
  2661 | D:5      | Found a transporter.
  2791 | D:5      | Found a transporter.
  2851 | D:5      | Reached skill level 6 in Unarmed Combat
  2878 | D:5      | Found a glowing drain.
  2883 | Sewer    | Entered a sewer
  3231 | D:5      | Found a glowing golden altar of the Shining One.
  3431 | D:5      | Found an ancient bone altar of Kikubaaqudgha.
  3432 | D:5      | Found a hide-covered altar of Uskayaw.
  3624 | D:5      | HP: 3/79 [electric eel/bolt of electricity (10)]
  3624 | D:5      | Killed from afar by an electric eel

Illustrated notes

Levels and vault maps discovered:
D:1:      tarquinn_simple_flora_water_c, layout_loops_ring
D:2:      minmay_chambers_of_twos, layout_rooms, nicolae_ecumenical_pavilion
D:3:      kennysheep_the_goblin_king, layout_rooms, ebering_ghost_gozag,
          uniq_natasha, uniq_jessica, uniq_sigmund
D:4:      layout_rooms, mainiacjoe_overflow_catwalk_spiral,
          lightli_corner_chamber
D:5:      gammafunk_steamed_eel, layout_loops_cross, tso_metal_star,
          nicolae_hepliaklqana_monster_ancestors,
          mainiacjoe_overflow_divided_tiny,
          minmay_temple_entry_statues_fountains, gup_sewer_entry_bowl,
          st_stairs_11

Skill      XL: |  1  2  3  4  5  6  7  8 |
---------------+-------------------------+-----
Fighting       | 1 2 3 4 |  4.6
Armour         | 1 2 3 |  3.0
Dodging        | 2 3 |  3.4
Unarmed Combat | 4 5 6 |  6.4
Shapeshifting  | 4 5 |  5.9

Action                     |  1- 3 |  4- 6 |  7- 9 || total
---------------------------+-------+-------+-------++-------
  Melee: Unarmed           |    78 |    59 |   200 ||   337
         Punch             |     1 |     3 |     4 ||     8
    Use: Scroll            |     8 |       |     4 ||    12
         Potion            |       |     1 |     6 ||     7
   Stab: Distracted        |       |       |     1 ||     1
         Sleeping          |       |       |     2 ||     2
 Armour: Animal skin       |    48 |    84 |   109 ||   241
         Skin              |       |       |    10 ||    10
  Dodge: Dodged            |    35 |    49 |    90 ||   174
  Block: Other             |       |       |     6 ||     6

Table legend: (Time is in decaauts)
 A = Elapsed time spent in this place.
 B = Non-inter-level travel time spent in this place.
 C = Inter-level travel time spent in this place.
 D = Time resting spent in this place.
 E = Time spent auto-exploring this place.
 F = Levels seen in this place.
 G = Mean time per level.
                   A        B        C        D        E       F      G
               +--------+--------+--------+--------+--------+-----+--------+
         Total |   3579 |   3487 |     92 |    191 |   2420 |   6 |  596.5 |
       Dungeon |   3286 |   3194 |     92 |    187 |   2271 |   5 |  657.2 |
         Sewer |    293 |    293 |      0 |      3 |    149 |   1 |  293.0 |
               +--------+--------+--------+--------+--------+-----+--------+

Top non-repeatable levels by time:
     D:5: 827 daAuts
     D:1: 782 daAuts
     D:2: 596 daAuts
     D:4: 542 daAuts
     D:3: 537 daAuts
   Sewer: 293 daAuts
